[ PARTIDA AOE2 · #478345026 ]
UnrankedDrávidas vs Chinese
[ ANÁLISIS DE REPETICIÓN · EXTRAÍDO DE LA PARTIDA GRABADA ]
Feudal
—
Castillos
—
Imperial
—
| APM promedio | 23.8 |
| APM pico | 113 |
| eAPM promedio | 17.4 |
| Aldeanos / militares | 148 / 177 |
Foco
⚔️ 40.3% · 🌾 59.7%
Fire Galley ×143 · Trade Cog ×33 · Fishing Ship ×27 · Cannon Galleon ×19 · Galley ×15 · Unknown (2626) ×10
Feudal
—
Castillos
—
Imperial
—
| APM promedio | 26.4 |
| APM pico | 90 |
| eAPM promedio | 21.5 |
| Aldeanos / militares | 116 / 273 |
Foco
⚔️ 37.2% · 🌾 62.8%
Longboat ×178 · Archer ×71 · Fishing Ship ×49 · Unknown (2626) ×18 · Trade Cog ×14 · Berserk ×11
Feudal
—
Castillos
—
Imperial
—
| APM promedio | 7.3 |
| APM pico | 18 |
| eAPM promedio | 5.9 |
| Aldeanos / militares | 47 / 60 |
Foco
⚔️ 26.7% · 🌾 73.3%
Unknown (1944) ×74 · Fishing Ship ×49 · Scout Cavalry ×38 · Trade Cog ×15 · Unknown (1948) ×15 · Demolition Raft ×15
Feudal
—
Castillos
—
Imperial
—
| APM promedio | 17.5 |
| APM pico | 87 |
| eAPM promedio | 11.5 |
| Aldeanos / militares | 150 / 83 |
Foco
⚔️ 25.8% · 🌾 74.2%
Fishing Ship ×41 · Spearman ×37 · Demolition Raft ×28 · Unknown (1974) ×16 · Galley ×12 · Militia ×4
Feudal
—
Castillos
—
Imperial
—
| APM promedio | 28.2 |
| APM pico | 77 |
| eAPM promedio | 19.4 |
| Aldeanos / militares | 166 / 146 |
Foco
⚔️ 31.5% · 🌾 68.5%
Fire Galley ×76 · Chu Ko Nu ×55 · Unknown (1948) ×54 · Fishing Ship ×42 · Trade Cog ×13 · Demolition Raft ×10
Feudal
—
Castillos
—
Imperial
—
| APM promedio | 13.4 |
| APM pico | 51 |
| eAPM promedio | 7.9 |
| Aldeanos / militares | 64 / 99 |
Foco
⚔️ 23.2% · 🌾 76.8%
Galley ×62 · Unknown (2626) ×38 · Trade Cog ×31 · Fishing Ship ×25 · Fire Galley ×24 · Turtle Ship ×8
Feudal
—
Castillos
—
Imperial
—
| APM promedio | 19.0 |
| APM pico | 47 |
| eAPM promedio | 14.1 |
| Aldeanos / militares | 189 / 360 |
Foco
⚔️ 47.7% · 🌾 52.3%
Militia ×245 · Spearman ×71 · Fishing Ship ×60 · Cannon Galleon ×24 · Battering Ram ×12 · Karambit Warrior ×7
Feudal
—
Castillos
—
Imperial
—
| APM promedio | 32.2 |
| APM pico | 253 |
| eAPM promedio | 26.5 |
| Aldeanos / militares | 127 / 320 |
Foco
⚔️ 45.8% · 🌾 54.2%
Galley ×200 · Demolition Raft ×47 · Trade Cart ×38 · Cannon Galleon ×36 · Fire Galley ×35 · Fishing Ship ×23
Mapa de la partida
Recursos iniciales + cada clic de construcción. Líneas = muros · curvas = relieve. ◆ oro · ⬟ piedra · ● bayas · ✦ reliquia · ◌ hueco del cierre
Tu base· Abierta — hueco de 1t
Base de FlyWaV· Abierta — hueco de 1t
Base de xIxGETxBUCKETZx· Abierta — hueco de 1t
Base de GFX FELLAS· Abierta — hueco de 1t
Base de lkn2000· Abierta — hueco de 1t
Base de MORTIS· Abierta — hueco de 1t
Base de HUGO QPA· Abierta — hueco de 2t
Base de AbuzzLime8862· Abierta — hueco de 1t
Terreno inicial suavizado · ◌ = hueco del cierre detectado · pasá el cursor para detalles
Inputs por minuto
— Slimyfellas - - FlyWaV
Build order — Slimyfellas
Primeras 150 de 405 acciones detectadas
| 0:04 | Construir | House |
| 0:08 | Construir | House |
| 0:12 | Crear | Villager (Male) ×4 |
| 1:34 | Construir | Lumber Camp |
| 1:51 | Crear | Villager (Male) |
| 2:05 | Construir | House |
| 2:09 | Construir | House |
| 2:17 | Construir | House |
| 2:29 | Crear | Villager (Male) |
| 2:57 | Crear | Villager (Male) |
| 3:42 | Crear | Villager (Male) |
| 3:55 | Crear | Villager (Male) |
| 4:26 | Crear | Villager (Male) |
| 4:42 | Crear | Villager (Male) |
| 6:27 | Crear | Villager (Male) |
| 6:27 | Crear | Villager (Male) |
| 6:27 | Crear | Villager (Male) |
| 6:28 | Crear | Villager (Male) |
| 7:38 | Construir | Dock |
| 7:43 | Crear | Villager (Male) |
| 7:43 | Crear | Villager (Male) |
| 7:44 | Crear | Villager (Male) |
| 7:56 | Crear | Villager (Male) |
| 7:58 | Crear | Villager (Male) |
| 8:34 | Crear | Villager (Male) |
| 9:02 | Construir | Dock |
| 9:08 | Crear | Villager (Male) |
| 9:30 | Crear | Villager (Male) |
| 9:31 | Crear | Villager (Male) |
| 9:36 | Crear | Fishing Ship |
| 9:36 | Crear | Fishing Ship |
| 9:36 | Crear | Fishing Ship |
| 9:38 | Crear | Fishing Ship |
| 10:09 | Construir | Mining Camp |
| 10:18 | Investigar | Feudal Age |
| 11:05 | Crear | Villager (Male) |
| 11:05 | Crear | Villager (Male) |
| 11:06 | Crear | Villager (Male) |
| 11:07 | Crear | Villager (Male) |
| 11:37 | Crear | Fishing Ship |
| 11:37 | Crear | Fishing Ship |
| 11:37 | Crear | Fishing Ship |
| 11:37 | Crear | Fishing Ship |
| 12:21 | Construir | Mill |
| 12:51 | Construir | Farm |
| 12:51 | Construir | Farm |
| 12:51 | Construir | Farm |
| 12:52 | Construir | Farm |
| 12:52 | Construir | Farm |
| 12:52 | Construir | Farm |
| 12:53 | Construir | Farm |
| 13:04 | Investigar | Wheelbarrow |
| 13:17 | Construir | Farm |
| 14:01 | Construir | House |
| 14:04 | Construir | House |
| 14:09 | Construir | House |
| 14:11 | Construir | House |
| 14:32 | Investigar | Double-Bit Axe |
| 14:37 | Crear | Villager (Male) |
| 14:38 | Crear | Villager (Male) |
| 14:47 | Crear | Fishing Ship |
| 14:47 | Crear | Fishing Ship |
| 14:47 | Crear | Fishing Ship |
| 15:00 | Crear | Fire Galley |
| 15:47 | Crear | Fire Galley |
| 15:49 | Crear | Fire Galley |
| 16:17 | Construir | Blacksmith |
| 16:52 | Construir | Market |
| 17:04 | Construir | Gate |
| 17:17 | Crear | Villager (Male) |
| 17:17 | Crear | Villager (Male) |
| 17:18 | Crear | Villager (Male) |
| 17:51 | Investigar | Castle Age |
| 17:57 | Crear | Villager (Male) |
| 17:58 | Crear | Villager (Male) |
| 17:58 | Crear | Villager (Male) |
| 17:58 | Crear | Villager (Male) |
| 17:58 | Crear | Villager (Male) |
| 17:59 | Crear | Villager (Male) |
| 18:34 | Crear | Villager (Male) |
| 18:35 | Crear | Villager (Male) |
| 18:53 | Construir | Lumber Camp |
| 18:59 | Construir | Lumber Camp |
| 19:27 | Crear | Trade Cog |
| 19:28 | Crear | Trade Cog |
| 20:16 | Construir | House |
| 20:19 | Construir | House |
| 20:24 | Construir | House |
| 20:26 | Construir | House |
| 20:42 | Investigar | Hand Cart |
| 20:56 | Construir | Town Center |
| 21:03 | Crear | Villager (Male) |
| 21:29 | Construir | Blacksmith |
| 21:35 | Construir | University |
| 21:48 | Construir | House |
| 21:50 | Construir | House |
| 21:53 | Construir | House |
| 22:13 | Crear | Villager (Male) |
| 22:14 | Crear | Villager (Male) |
| 22:14 | Crear | Villager (Male) |
| 22:14 | Crear | Villager (Male) |
| 22:14 | Crear | Villager (Male) |
| 22:14 | Crear | Villager (Male) |
| 22:34 | Investigar | War Galley (upgrade) |
| 22:49 | Construir | House |
| 22:51 | Construir | House |
| 22:55 | Construir | House |
| 23:16 | Construir | Farm |
| 23:28 | Construir | Mining Camp |
| 23:39 | Investigar | Gold Mining |
| 23:41 | Investigar | Stone Mining |
| 23:45 | Investigar | Horse Collar |
| 23:53 | Investigar | Bow Saw |
| 23:58 | Crear | Villager (Male) |
| 23:58 | Crear | Villager (Male) |
| 23:58 | Crear | Villager (Male) |
| 23:58 | Crear | Villager (Male) |
| 24:28 | Construir | Monastery |
| 25:11 | Construir | House |
| 25:15 | Construir | House |
| 25:16 | Construir | House |
| 25:20 | Construir | House |
| 25:23 | Construir | House |
| 25:24 | Construir | House |
| 25:43 | Construir | Dock |
| 25:57 | Crear | Villager (Male) |
| 25:57 | Crear | Villager (Male) |
| 25:57 | Crear | Villager (Male) |
| 25:58 | Crear | Villager (Male) |
| 25:58 | Crear | Villager (Male) |
| 25:58 | Crear | Villager (Male) |
| 25:58 | Crear | Villager (Male) |
| 25:58 | Crear | Villager (Male) |
| 25:59 | Crear | Villager (Male) |
| 25:59 | Crear | Villager (Male) |
| 25:59 | Crear | Villager (Male) |
| 26:00 | Crear | Villager (Male) |
| 26:00 | Crear | Villager (Male) |
| 26:00 | Crear | Villager (Male) |
| 26:00 | Crear | Villager (Male) |
| 26:01 | Crear | Villager (Male) |
| 26:01 | Crear | Villager (Male) |
| 26:01 | Crear | Villager (Male) |
| 26:10 | Investigar | Imperial Age |
| 26:23 | Crear | Villager (Male) ×15 |
| 26:23 | Crear | Villager (Male) |
| 26:34 | Construir | Town Center |
| 27:02 | Crear | Galley |
| 27:04 | Crear | Galley |
| 27:05 | Crear | Galley |
Build order — FlyWaV
Primeras 150 de 625 acciones detectadas
| 0:07 | Crear | Villager (Male) |
| 0:07 | Crear | Villager (Male) |
| 0:07 | Crear | Villager (Male) |
| 0:08 | Crear | Villager (Male) |
| 0:13 | Construir | House |
| 0:15 | Construir | House |
| 0:24 | Construir | Dock |
| 1:28 | Investigar | Loom |
| 2:01 | Crear | Fishing Ship |
| 2:09 | Crear | Villager (Male) |
| 3:19 | Crear | Villager (Male) |
| 3:23 | Crear | Fishing Ship |
| 3:35 | Crear | Villager (Male) |
| 3:56 | Crear | Villager (Male) |
| 4:17 | Crear | Villager (Male) |
| 4:38 | Construir | Lumber Camp |
| 4:42 | Crear | Villager (Male) |
| 5:22 | Crear | Villager (Male) |
| 5:30 | Crear | Fishing Ship |
| 5:36 | Crear | Villager (Male) |
| 5:50 | Crear | Villager (Male) |
| 6:00 | Construir | House |
| 6:03 | Crear | Villager (Male) |
| 6:21 | Crear | Villager (Male) |
| 6:27 | Construir | House |
| 6:45 | Crear | Fishing Ship |
| 6:51 | Crear | Villager (Male) |
| 7:14 | Crear | Villager (Male) |
| 7:23 | Crear | Fishing Ship |
| 7:41 | Crear | Villager (Male) |
| 8:13 | Construir | Dock |
| 8:21 | Construir | House |
| 8:22 | Construir | House |
| 8:32 | Crear | Villager (Male) |
| 8:51 | Crear | Fishing Ship |
| 9:05 | Crear | Villager (Male) |
| 9:27 | Investigar | Feudal Age |
| 9:36 | Crear | Fishing Ship |
| 9:38 | Crear | Fishing Ship |
| 9:55 | Construir | Mining Camp |
| 10:01 | Construir | House |
| 10:11 | Construir | House |
| 10:32 | Crear | Fishing Ship |
| 10:34 | Crear | Fishing Ship |
| 11:09 | Crear | Fishing Ship |
| 11:21 | Crear | Fishing Ship |
| 11:46 | Crear | Villager (Male) |
| 11:47 | Crear | Villager (Male) |
| 11:52 | Crear | Villager (Male) |
| 12:08 | Construir | Blacksmith |
| 12:16 | Construir | House |
| 12:24 | Crear | Villager (Male) |
| 12:26 | Investigar | Double-Bit Axe |
| 12:38 | Crear | Fishing Ship |
| 12:56 | Construir | Palisade Gate |
| 13:08 | Construir | House |
| 13:13 | Crear | Villager (Male) |
| 13:28 | Crear | Villager (Male) |
| 13:41 | Crear | Villager (Male) |
| 13:45 | Crear | Fishing Ship |
| 13:45 | Crear | Fishing Ship |
| 13:48 | Crear | Fishing Ship |
| 13:49 | Crear | Fishing Ship |
| 14:24 | Construir | Mill |
| 14:33 | Crear | Villager (Male) |
| 14:57 | Construir | Mining Camp |
| 15:02 | Construir | Market |
| 15:15 | Crear | Villager (Male) |
| 15:40 | Investigar | Castle Age |
| 18:20 | Crear | Fishing Ship |
| 18:20 | Crear | Fishing Ship |
| 18:21 | Crear | Fishing Ship |
| 18:22 | Crear | Fishing Ship |
| 18:23 | Crear | Fishing Ship |
| 18:25 | Crear | Villager (Male) |
| 18:26 | Crear | Villager (Male) |
| 18:26 | Crear | Villager (Male) |
| 18:31 | Crear | Villager (Male) |
| 20:54 | Crear | Fishing Ship |
| 20:54 | Crear | Fishing Ship |
| 20:55 | Crear | Fishing Ship |
| 20:55 | Crear | Fishing Ship |
| 20:57 | Crear | Villager (Male) |
| 20:58 | Crear | Villager (Male) |
| 20:59 | Crear | Villager (Male) |
| 21:19 | Investigar | Tech 906 |
| 25:54 | Construir | House |
| 26:01 | Construir | House |
| 26:06 | Construir | Lumber Camp |
| 26:09 | Construir | Lumber Camp |
| 26:28 | Investigar | Gold Mining |
| 26:31 | Crear | Villager (Male) |
| 26:32 | Crear | Villager (Male) |
| 26:46 | Construir | Town Center |
| 27:05 | Crear | Longboat |
| 27:06 | Crear | Longboat |
| 27:06 | Crear | Longboat |
| 27:06 | Crear | Longboat |
| 27:07 | Crear | Longboat |
| 27:07 | Crear | Longboat |
| 27:07 | Crear | Longboat |
| 27:07 | Crear | Longboat |
| 27:18 | Construir | Dock |
| 27:20 | Construir | Dock |
| 27:23 | Construir | Dock |
| 27:25 | Construir | Dock |
| 27:27 | Construir | Dock |
| 27:50 | Investigar | Fletching |
| 27:55 | Investigar | Scale Mail Armor |
| 27:59 | Construir | Siege Workshop |
| 28:02 | Construir | Siege Workshop |
| 28:04 | Construir | Siege Workshop |
| 28:18 | Construir | Gate |
| 28:29 | Investigar | Gillnets |
| 28:31 | Crear | Longboat |
| 28:34 | Crear | Longboat |
| 28:35 | Crear | Longboat |
| 28:35 | Crear | Longboat |
| 28:59 | Crear | Longboat |
| 28:59 | Crear | Longboat |
| 29:00 | Crear | Longboat |
| 29:00 | Crear | Longboat |
| 29:01 | Crear | Longboat |
| 29:01 | Crear | Longboat |
| 29:02 | Crear | Longboat |
| 29:02 | Crear | Longboat |
| 29:08 | Crear | Villager (Male) |
| 29:08 | Crear | Villager (Male) |
| 29:09 | Crear | Villager (Male) |
| 29:11 | Crear | Villager (Male) |
| 29:11 | Crear | Villager (Male) |
| 30:11 | Investigar | War Galley (upgrade) |
| 30:18 | Crear | Unit 2626 |
| 30:19 | Crear | Unit 2626 |
| 30:19 | Crear | Unit 2626 |
| 30:19 | Crear | Unit 2626 |
| 30:19 | Crear | Unit 2626 |
| 30:20 | Crear | Unit 2626 |
| 30:21 | Crear | Unit 2626 |
| 30:21 | Crear | Unit 2626 |
| 30:21 | Crear | Longboat |
| 30:22 | Crear | Longboat |
| 30:22 | Crear | Longboat |
| 30:22 | Crear | Longboat |
| 30:23 | Crear | Unit 2626 |
| 30:24 | Crear | Longboat |
| 30:24 | Crear | Unit 2626 |
| 30:25 | Crear | Longboat |
| 30:25 | Crear | Longboat |
| 30:25 | Crear | Unit 2626 |
Build order — xIxGETxBUCKETZx
Primeras 150 de 212 acciones detectadas
| 0:12 | Construir | House |
| 0:13 | Construir | House |
| 0:15 | Construir | House |
| 0:17 | Construir | House |
| 0:26 | Crear | Villager (Male) |
| 0:26 | Crear | Villager (Male) |
| 0:26 | Crear | Villager (Male) |
| 0:26 | Crear | Villager (Male) |
| 1:01 | Construir | Lumber Camp |
| 2:24 | Crear | Villager (Male) |
| 3:04 | Crear | Villager (Male) |
| 3:44 | Crear | Villager (Male) |
| 4:21 | Crear | Villager (Male) |
| 4:40 | Crear | Villager (Male) |
| 5:25 | Construir | Dock |
| 5:28 | Crear | Villager (Male) |
| 5:55 | Crear | Villager (Male) |
| 6:21 | Crear | Fishing Ship |
| 6:34 | Crear | Villager (Male) |
| 6:36 | Crear | Villager (Male) |
| 7:03 | Crear | Villager (Male) |
| 7:20 | Crear | Fishing Ship |
| 7:25 | Crear | Villager (Male) |
| 7:52 | Crear | Villager (Male) |
| 7:52 | Crear | Villager (Male) |
| 8:00 | Crear | Fishing Ship |
| 8:33 | Construir | Dock |
| 8:43 | Crear | Villager (Male) |
| 9:07 | Crear | Fishing Ship |
| 9:34 | Construir | Dock |
| 9:37 | Crear | Fishing Ship |
| 9:41 | Crear | Villager (Male) |
| 10:06 | Crear | Villager (Male) |
| 10:12 | Crear | Fishing Ship |
| 10:28 | Crear | Fishing Ship |
| 11:10 | Crear | Fishing Ship |
| 11:12 | Crear | Fishing Ship |
| 11:15 | Crear | Fishing Ship |
| 11:34 | Investigar | Feudal Age |
| 12:30 | Crear | Fishing Ship |
| 12:30 | Crear | Fishing Ship |
| 12:30 | Crear | Fishing Ship |
| 13:23 | Crear | Fishing Ship |
| 13:23 | Crear | Fishing Ship |
| 13:23 | Crear | Fishing Ship |
| 13:47 | Investigar | Double-Bit Axe |
| 13:50 | Crear | Villager (Male) |
| 14:05 | Construir | House |
| 14:11 | Construir | House |
| 14:12 | Construir | House |
| 14:14 | Construir | House |
| 14:17 | Construir | House |
| 14:20 | Construir | House |
| 14:40 | Construir | Blacksmith |
| 14:49 | Crear | Fishing Ship |
| 14:49 | Crear | Fishing Ship |
| 14:49 | Crear | Fishing Ship |
| 15:06 | Crear | Villager (Male) |
| 15:13 | Construir | Mining Camp |
| 15:32 | Crear | Villager (Male) |
| 15:38 | Crear | Fishing Ship |
| 15:38 | Crear | Fishing Ship |
| 15:38 | Crear | Fishing Ship |
| 16:04 | Construir | Mill |
| 16:08 | Crear | Villager (Male) |
| 16:13 | Crear | Fishing Ship |
| 16:13 | Crear | Fishing Ship |
| 16:13 | Crear | Fishing Ship |
| 16:39 | Investigar | Wheelbarrow |
| 16:50 | Crear | Fishing Ship |
| 16:50 | Crear | Fishing Ship |
| 16:50 | Crear | Fishing Ship |
| 17:40 | Construir | Palisade Gate |
| 18:04 | Investigar | Tech 906 |
| 18:12 | Crear | Fishing Ship |
| 18:12 | Crear | Fishing Ship |
| 18:12 | Crear | Fishing Ship |
| 18:22 | Construir | House |
| 18:24 | Construir | House |
| 18:29 | Construir | House |
| 18:40 | Crear | Villager (Male) |
| 18:56 | Investigar | Forging |
| 18:57 | Investigar | Scale Barding Armor |
| 19:41 | Crear | Villager (Male) |
| 21:01 | Crear | Villager (Male) |
| 21:41 | Crear | Fishing Ship |
| 21:41 | Crear | Fishing Ship |
| 21:41 | Crear | Fishing Ship |
| 22:03 | Crear | Trade Cog ×5 |
| 22:53 | Construir | Barracks |
| 23:02 | Crear | Villager (Male) |
| 23:26 | Crear | Fishing Ship |
| 23:26 | Crear | Fishing Ship |
| 23:26 | Crear | Fishing Ship |
| 23:42 | Crear | Villager (Male) |
| 24:02 | Construir | Market |
| 24:21 | Construir | Stable |
| 24:22 | Construir | Stable |
| 24:26 | Construir | Stable |
| 24:29 | Construir | Stable |
| 24:32 | Construir | Stable |
| 24:40 | Investigar | Castle Age |
| 24:49 | Crear | Fishing Ship |
| 24:49 | Crear | Fishing Ship |
| 24:49 | Crear | Fishing Ship |
| 25:50 | Crear | Fishing Ship |
| 25:50 | Crear | Fishing Ship |
| 25:50 | Crear | Fishing Ship |
| 26:01 | Investigar | Gold Mining |
| 26:42 | Crear | Fishing Ship |
| 26:42 | Crear | Fishing Ship |
| 26:42 | Crear | Fishing Ship |
| 27:18 | Investigar | Bloodlines |
| 27:24 | Investigar | Husbandry |
| 27:27 | Investigar | Light Cavalry (upgrade) |
| 27:29 | Crear | Scout Cavalry ×5 |
| 30:44 | Construir | House |
| 30:45 | Construir | House |
| 30:48 | Construir | House |
| 30:51 | Construir | House |
| 30:53 | Construir | House |
| 30:55 | Construir | House |
| 30:59 | Construir | House |
| 31:00 | Construir | House |
| 31:02 | Construir | House |
| 31:29 | Construir | Watch Tower |
| 31:42 | Crear | Scout Cavalry ×5 |
| 31:45 | Crear | Villager (Male) |
| 31:45 | Crear | Villager (Male) |
| 32:02 | Construir | Mining Camp |
| 32:27 | Crear | Scout Cavalry ×5 |
| 32:28 | Crear | Scout Cavalry ×5 |
| 33:00 | Crear | Villager (Male) |
| 33:39 | Construir | House |
| 33:40 | Construir | House |
| 33:43 | Construir | House |
| 33:53 | Construir | Town Center |
| 34:31 | Crear | Villager (Male) |
| 34:45 | Crear | Fishing Ship |
| 34:45 | Crear | Fishing Ship |
| 34:45 | Crear | Fishing Ship |
| 34:53 | Crear | Trade Cog ×5 |
| 34:54 | Crear | Trade Cog ×5 |
| 35:00 | Crear | Villager (Male) |
| 35:15 | Crear | Scout Cavalry |
| 35:15 | Crear | Scout Cavalry |
| 35:15 | Crear | Scout Cavalry |
| 35:15 | Crear | Scout Cavalry |
| 35:16 | Crear | Scout Cavalry |
| 35:16 | Crear | Scout Cavalry |
Build order — GFX FELLAS
Primeras 150 de 395 acciones detectadas
| 0:07 | Crear | Villager (Male) |
| 0:08 | Crear | Villager (Male) |
| 0:08 | Crear | Villager (Male) |
| 0:08 | Crear | Villager (Male) |
| 0:17 | Construir | House |
| 0:20 | Construir | House |
| 0:24 | Construir | House |
| 0:25 | Construir | House |
| 1:54 | Crear | Villager (Male) |
| 2:25 | Crear | Villager (Male) |
| 3:02 | Crear | Villager (Male) |
| 3:02 | Crear | Villager (Male) |
| 3:22 | Construir | Dock |
| 4:26 | Crear | Villager (Male) |
| 4:26 | Crear | Villager (Male) |
| 4:26 | Crear | Villager (Male) |
| 5:59 | Construir | Lumber Camp |
| 6:05 | Crear | Villager (Male) |
| 6:06 | Crear | Villager (Male) |
| 6:06 | Crear | Villager (Male) |
| 6:06 | Crear | Villager (Male) |
| 6:06 | Crear | Villager (Male) |
| 6:07 | Crear | Villager (Male) |
| 6:07 | Crear | Villager (Male) |
| 6:21 | Crear | Villager (Male) |
| 8:07 | Crear | Villager (Male) |
| 8:07 | Crear | Villager (Male) |
| 8:09 | Crear | Villager (Male) |
| 8:17 | Crear | Fishing Ship |
| 8:17 | Crear | Fishing Ship |
| 9:43 | Investigar | Feudal Age |
| 9:52 | Crear | Fishing Ship |
| 9:52 | Crear | Fishing Ship |
| 10:29 | Construir | Mill |
| 11:45 | Construir | Lumber Camp |
| 11:52 | Crear | Fishing Ship |
| 11:52 | Crear | Fishing Ship |
| 11:52 | Crear | Fishing Ship |
| 11:53 | Crear | Fishing Ship |
| 11:53 | Crear | Fishing Ship |
| 11:53 | Crear | Fishing Ship |
| 12:11 | Construir | Lumber Camp |
| 12:19 | Crear | Villager (Male) |
| 12:20 | Crear | Villager (Male) |
| 12:27 | Construir | House |
| 12:54 | Construir | House |
| 12:56 | Construir | House |
| 13:08 | Construir | Mining Camp |
| 13:26 | Investigar | Double-Bit Axe |
| 14:07 | Investigar | Tech 906 |
| 14:28 | Crear | Villager (Male) |
| 14:28 | Crear | Villager (Male) |
| 14:32 | Crear | Villager (Male) |
| 14:33 | Crear | Villager (Male) |
| 14:33 | Crear | Villager (Male) |
| 14:50 | Crear | Fishing Ship |
| 14:50 | Crear | Fishing Ship |
| 14:51 | Crear | Fishing Ship |
| 14:51 | Crear | Fishing Ship |
| 14:51 | Crear | Fishing Ship |
| 14:52 | Crear | Fishing Ship |
| 14:52 | Crear | Fishing Ship |
| 14:53 | Crear | Fishing Ship |
| 14:53 | Crear | Fishing Ship |
| 14:53 | Crear | Fishing Ship |
| 15:12 | Construir | Dock |
| 15:28 | Construir | Dock |
| 15:34 | Crear | Villager (Male) |
| 15:34 | Crear | Villager (Male) |
| 15:34 | Crear | Villager (Male) |
| 15:35 | Crear | Villager (Male) |
| 15:35 | Crear | Villager (Male) |
| 15:51 | Construir | House |
| 16:03 | Crear | Galley |
| 16:08 | Crear | Fishing Ship |
| 16:09 | Crear | Fishing Ship |
| 16:09 | Crear | Fishing Ship |
| 16:09 | Crear | Fishing Ship |
| 16:10 | Crear | Fishing Ship |
| 16:37 | Construir | Blacksmith |
| 17:13 | Construir | Market |
| 17:26 | Crear | Fishing Ship |
| 17:26 | Crear | Fishing Ship |
| 17:27 | Crear | Fishing Ship |
| 17:27 | Crear | Fishing Ship |
| 17:27 | Crear | Fishing Ship |
| 17:52 | Crear | Villager (Male) |
| 18:21 | Investigar | Castle Age |
| 18:28 | Investigar | Town Watch |
| 18:31 | Investigar | Loom |
| 18:34 | Investigar | Wheelbarrow |
| 18:42 | Investigar | Gold Mining |
| 18:58 | Construir | House |
| 19:01 | Construir | House |
| 19:03 | Construir | House |
| 19:04 | Construir | House |
| 19:06 | Construir | House |
| 19:24 | Construir | House |
| 19:30 | Construir | House |
| 20:05 | Construir | Lumber Camp |
| 20:15 | Crear | Fishing Ship |
| 20:15 | Crear | Fishing Ship |
| 20:15 | Crear | Fishing Ship |
| 20:16 | Crear | Fishing Ship |
| 20:16 | Crear | Fishing Ship |
| 20:16 | Crear | Fishing Ship |
| 20:17 | Crear | Fishing Ship |
| 20:18 | Crear | Fishing Ship |
| 20:18 | Crear | Fishing Ship |
| 20:18 | Crear | Fishing Ship |
| 20:18 | Crear | Fishing Ship |
| 20:44 | Construir | Dock |
| 21:16 | Construir | Town Center |
| 21:23 | Crear | Villager (Male) |
| 21:23 | Crear | Villager (Male) |
| 21:24 | Crear | Villager (Male) |
| 21:24 | Crear | Villager (Male) |
| 21:24 | Crear | Villager (Male) |
| 22:12 | Construir | Town Center |
| 22:31 | Crear | Villager (Male) |
| 22:31 | Crear | Villager (Male) |
| 22:31 | Crear | Villager (Male) |
| 22:31 | Crear | Villager (Male) |
| 22:32 | Crear | Villager (Male) |
| 22:32 | Crear | Villager (Male) |
| 22:32 | Crear | Villager (Male) |
| 22:32 | Crear | Villager (Male) |
| 22:32 | Crear | Villager (Male) |
| 22:41 | Crear | Villager (Male) |
| 22:41 | Crear | Villager (Male) |
| 22:41 | Crear | Villager (Male) |
| 22:41 | Crear | Villager (Male) |
| 22:42 | Crear | Villager (Male) |
| 22:42 | Crear | Villager (Male) |
| 22:42 | Crear | Villager (Male) |
| 22:42 | Crear | Villager (Male) |
| 22:58 | Crear | Villager (Male) |
| 22:58 | Crear | Villager (Male) |
| 22:58 | Crear | Villager (Male) |
| 22:58 | Crear | Villager (Male) |
| 23:05 | Investigar | Gillnets |
| 23:11 | Investigar | Tech 905 |
| 23:29 | Investigar | War Galley (upgrade) |
| 23:36 | Investigar | Bow Saw |
| 23:41 | Investigar | Gold Shaft Mining |
| 23:41 | Investigar | Stone Mining |
| 24:27 | Crear | Villager (Male) |
| 24:27 | Crear | Villager (Male) |
| 24:28 | Crear | Villager (Male) |
| 24:28 | Crear | Villager (Male) |
Build order — lkn2000
Primeras 150 de 411 acciones detectadas
| 0:19 | Construir | House |
| 0:44 | Investigar | Loom |
| 1:01 | Construir | Mill |
| 1:05 | Crear | Villager (Male) |
| 1:06 | Crear | Villager (Male) |
| 1:52 | Crear | Villager (Male) |
| 1:52 | Crear | Villager (Male) |
| 2:18 | Crear | Villager (Male) |
| 2:42 | Crear | Villager (Male) |
| 3:27 | Crear | Villager (Male) |
| 3:27 | Crear | Villager (Male) |
| 3:27 | Crear | Villager (Male) |
| 3:27 | Crear | Villager (Male) |
| 4:17 | Crear | Villager (Male) |
| 4:18 | Crear | Villager (Male) |
| 5:27 | Construir | Lumber Camp |
| 6:25 | Investigar | Feudal Age |
| 8:47 | Construir | Blacksmith |
| 10:07 | Crear | Villager (Male) |
| 10:07 | Crear | Villager (Male) |
| 10:07 | Crear | Villager (Male) |
| 10:13 | Crear | Villager (Male) |
| 10:17 | Crear | Villager (Male) |
| 11:10 | Construir | Market |
| 12:48 | Construir | Dock |
| 13:35 | Investigar | Castle Age |
| 14:34 | Crear | Transport Ship |
| 14:40 | Construir | House |
| 14:46 | Investigar | Double-Bit Axe |
| 16:17 | Construir | Monastery |
| 16:23 | Crear | Villager (Male) |
| 16:23 | Crear | Villager (Male) |
| 16:23 | Crear | Villager (Male) |
| 16:24 | Crear | Villager (Male) |
| 16:30 | Construir | House |
| 16:50 | Crear | Monk |
| 17:04 | Construir | Town Center |
| 17:15 | Crear | Villager (Male) |
| 17:15 | Crear | Villager (Male) |
| 17:15 | Crear | Villager (Male) |
| 17:56 | Crear | Fishing Ship |
| 17:56 | Crear | Fishing Ship |
| 17:56 | Crear | Fishing Ship |
| 17:56 | Crear | Fishing Ship |
| 17:56 | Crear | Fishing Ship |
| 18:26 | Crear | Fishing Ship |
| 18:26 | Crear | Fishing Ship |
| 18:26 | Crear | Fishing Ship |
| 18:35 | Construir | Stone Wall |
| 19:22 | Crear | Fishing Ship |
| 19:22 | Crear | Fishing Ship |
| 19:22 | Crear | Fishing Ship |
| 19:23 | Crear | Fishing Ship |
| 19:23 | Crear | Fishing Ship |
| 19:51 | Crear | Monk |
| 19:57 | Crear | Transport Ship |
| 20:02 | Crear | Transport Ship |
| 20:03 | Crear | Fishing Ship |
| 20:03 | Crear | Fishing Ship |
| 20:03 | Crear | Fishing Ship |
| 20:04 | Crear | Fishing Ship |
| 20:04 | Crear | Fishing Ship |
| 20:09 | Crear | Villager (Male) |
| 20:09 | Crear | Villager (Male) |
| 20:33 | Crear | Villager (Male) |
| 21:21 | Construir | Stone Wall |
| 21:23 | Crear | Villager (Male) |
| 21:24 | Crear | Villager (Male) |
| 21:24 | Crear | Villager (Male) |
| 21:24 | Crear | Villager (Male) |
| 21:30 | Crear | Fishing Ship |
| 21:30 | Crear | Fishing Ship |
| 21:30 | Crear | Fishing Ship |
| 21:31 | Crear | Fishing Ship |
| 21:31 | Crear | Fishing Ship |
| 21:31 | Crear | Fishing Ship |
| 22:01 | Crear | Villager (Male) |
| 22:01 | Crear | Villager (Male) |
| 22:06 | Crear | Fishing Ship |
| 22:06 | Crear | Fishing Ship |
| 22:06 | Crear | Fishing Ship |
| 22:18 | Construir | Town Center |
| 22:35 | Construir | Dock |
| 23:20 | Crear | Villager (Male) |
| 23:20 | Crear | Villager (Male) |
| 23:21 | Crear | Villager (Male) |
| 23:21 | Crear | Villager (Male) |
| 23:21 | Crear | Villager (Male) |
| 23:26 | Crear | Fishing Ship |
| 23:27 | Crear | Fishing Ship |
| 23:27 | Crear | Fishing Ship |
| 23:27 | Crear | Fishing Ship |
| 23:27 | Crear | Fishing Ship |
| 23:28 | Crear | Fishing Ship |
| 23:28 | Crear | Fishing Ship |
| 23:40 | Crear | Villager (Male) |
| 23:40 | Crear | Villager (Male) |
| 23:40 | Crear | Villager (Male) |
| 23:40 | Crear | Villager (Male) |
| 23:53 | Construir | House |
| 23:55 | Construir | House |
| 23:56 | Construir | House |
| 24:37 | Crear | Villager (Male) |
| 24:37 | Crear | Villager (Male) |
| 24:37 | Crear | Villager (Male) |
| 25:15 | Crear | Villager (Male) |
| 25:16 | Crear | Villager (Male) |
| 25:16 | Crear | Villager (Male) |
| 25:16 | Crear | Villager (Male) |
| 25:27 | Crear | Fishing Ship |
| 25:27 | Crear | Fishing Ship |
| 25:28 | Crear | Fishing Ship |
| 25:28 | Crear | Fishing Ship |
| 25:28 | Crear | Fishing Ship |
| 25:54 | Crear | Villager (Male) |
| 25:54 | Crear | Villager (Male) |
| 25:55 | Crear | Villager (Male) |
| 25:55 | Crear | Villager (Male) |
| 25:55 | Crear | Villager (Male) |
| 26:17 | Investigar | Tech 906 |
| 26:23 | Investigar | Tech 906 |
| 26:23 | Crear | Fishing Ship |
| 26:23 | Crear | Fishing Ship |
| 26:24 | Crear | Fishing Ship |
| 27:30 | Crear | Villager (Male) |
| 27:30 | Crear | Villager (Male) |
| 27:30 | Crear | Villager (Male) |
| 27:30 | Crear | Villager (Male) |
| 27:30 | Crear | Villager (Male) |
| 27:31 | Crear | Villager (Male) |
| 27:34 | Crear | Trade Cart |
| 27:34 | Crear | Trade Cart |
| 27:34 | Crear | Trade Cart |
| 27:35 | Crear | Trade Cart |
| 27:35 | Crear | Trade Cart |
| 27:35 | Crear | Trade Cart |
| 27:35 | Crear | Trade Cart |
| 27:36 | Crear | Trade Cart |
| 27:36 | Crear | Trade Cart |
| 28:29 | Construir | Farm |
| 28:30 | Construir | Farm |
| 28:31 | Construir | Farm |
| 28:32 | Construir | Farm |
| 28:35 | Construir | Farm |
| 28:53 | Construir | House |
| 28:54 | Construir | House |
| 28:55 | Construir | House |
| 28:56 | Construir | House |
| 28:57 | Construir | House |
| 28:59 | Construir | House |
Build order — MORTIS
Primeras 150 de 262 acciones detectadas
| 0:03 | Crear | Villager (Male) |
| 0:03 | Crear | Villager (Male) |
| 0:03 | Crear | Villager (Male) |
| 0:03 | Crear | Villager (Male) |
| 0:07 | Construir | House |
| 1:31 | Crear | Villager (Male) |
| 1:31 | Crear | Villager (Male) |
| 2:21 | Crear | Villager (Male) |
| 2:31 | Construir | House |
| 2:53 | Crear | Villager (Male) |
| 2:53 | Crear | Villager (Male) |
| 3:15 | Crear | Villager (Male) |
| 3:38 | Crear | Villager (Male) |
| 4:00 | Crear | Villager (Male) |
| 4:33 | Crear | Villager (Male) |
| 4:39 | Construir | House |
| 4:43 | Crear | Villager (Male) |
| 5:31 | Construir | Lumber Camp |
| 5:40 | Crear | Villager (Male) |
| 6:05 | Crear | Villager (Male) |
| 6:18 | Crear | Villager (Male) |
| 6:21 | Crear | Villager (Male) |
| 7:21 | Construir | House |
| 8:07 | Construir | Outpost |
| 8:09 | Crear | Villager (Male) |
| 8:09 | Crear | Villager (Male) |
| 8:36 | Crear | Villager (Male) |
| 8:36 | Crear | Villager (Male) |
| 9:10 | Construir | Dock |
| 9:28 | Crear | Villager (Male) |
| 9:42 | Construir | Lumber Camp |
| 9:59 | Investigar | Feudal Age |
| 10:47 | Crear | Fishing Ship |
| 10:57 | Construir | House |
| 11:44 | Construir | Dock |
| 12:20 | Construir | Lumber Camp |
| 12:48 | Investigar | Double-Bit Axe |
| 12:53 | Crear | Fishing Ship |
| 13:11 | Crear | Villager (Male) ×5 |
| 13:33 | Crear | Fishing Ship |
| 13:39 | Crear | Fishing Ship |
| 13:41 | Crear | Fishing Ship |
| 13:52 | Construir | Dock |
| 14:10 | Construir | Dock |
| 14:20 | Construir | Mining Camp |
| 14:28 | Construir | House |
| 14:38 | Crear | Fishing Ship |
| 14:46 | Construir | House |
| 14:50 | Construir | House |
| 14:53 | Construir | House |
| 15:07 | Crear | Villager (Male) |
| 15:12 | Crear | Fishing Ship |
| 15:13 | Crear | Fishing Ship |
| 15:13 | Crear | Fishing Ship |
| 15:14 | Crear | Fishing Ship |
| 15:25 | Construir | House |
| 15:28 | Crear | Villager (Male) |
| 15:47 | Crear | Fishing Ship |
| 15:58 | Construir | House |
| 15:59 | Construir | House |
| 16:34 | Crear | Fire Galley |
| 16:35 | Crear | Fire Galley |
| 16:37 | Crear | Fire Galley |
| 16:39 | Crear | Fire Galley |
| 17:04 | Crear | Villager (Male) |
| 17:04 | Crear | Villager (Male) |
| 17:15 | Investigar | Gold Mining |
| 17:57 | Construir | Mill |
| 18:14 | Investigar | Wheelbarrow |
| 18:17 | Crear | Fishing Ship |
| 18:19 | Crear | Fishing Ship |
| 18:20 | Crear | Fishing Ship |
| 18:23 | Crear | Fishing Ship |
| 18:29 | Crear | Fire Galley |
| 18:31 | Crear | Fire Galley |
| 18:32 | Crear | Fire Galley |
| 18:33 | Crear | Fire Galley |
| 18:33 | Crear | Fire Galley |
| 18:41 | Construir | Farm |
| 18:41 | Construir | Farm |
| 18:42 | Construir | Farm |
| 18:42 | Construir | Farm |
| 18:43 | Construir | Farm |
| 18:43 | Construir | Farm |
| 18:44 | Construir | Farm |
| 18:44 | Construir | Farm |
| 18:44 | Construir | Farm |
| 18:44 | Construir | Farm |
| 18:48 | Crear | Villager (Male) |
| 18:48 | Crear | Villager (Male) |
| 18:49 | Crear | Villager (Male) |
| 18:49 | Crear | Villager (Male) |
| 19:59 | Crear | Villager (Male) |
| 21:15 | Crear | Villager (Male) |
| 21:39 | Crear | Fire Galley |
| 21:39 | Crear | Fire Galley |
| 21:41 | Crear | Fire Galley |
| 21:41 | Crear | Fire Galley |
| 21:43 | Crear | Fire Galley |
| 21:43 | Crear | Fire Galley |
| 21:44 | Crear | Fire Galley |
| 21:45 | Crear | Fire Galley |
| 21:53 | Construir | House |
| 21:53 | Construir | House |
| 21:54 | Construir | House |
| 21:55 | Construir | House |
| 21:56 | Construir | House |
| 22:00 | Construir | House |
| 22:01 | Construir | House |
| 22:01 | Construir | House |
| 22:01 | Construir | House |
| 22:06 | Construir | House |
| 22:06 | Construir | House |
| 22:06 | Construir | House |
| 22:07 | Construir | House |
| 22:11 | Construir | House |
| 22:11 | Construir | House |
| 23:20 | Construir | Farm |
| 23:21 | Construir | Farm |
| 23:21 | Construir | Farm |
| 23:21 | Construir | Farm |
| 23:44 | Construir | Market |
| 23:51 | Construir | Blacksmith |
| 23:57 | Crear | Villager (Male) |
| 23:58 | Crear | Villager (Male) |
| 25:11 | Investigar | Castle Age |
| 25:15 | Construir | Farm |
| 25:16 | Construir | Farm |
| 25:16 | Construir | Farm |
| 25:16 | Construir | Farm |
| 25:16 | Construir | Farm |
| 25:17 | Construir | Farm |
| 25:17 | Construir | Farm |
| 25:17 | Construir | Farm |
| 25:18 | Construir | Farm |
| 25:18 | Construir | Farm |
| 25:37 | Construir | Mill |
| 26:28 | Construir | Lumber Camp |
| 26:34 | Construir | Lumber Camp |
| 26:57 | Crear | Fishing Ship ×5 |
| 26:57 | Crear | Fishing Ship ×5 |
| 26:59 | Investigar | Tech 906 |
| 28:44 | Investigar | War Galley (upgrade) |
| 28:45 | Crear | Galley ×5 |
| 28:45 | Crear | Galley ×5 |
| 28:50 | Crear | Trade Cog |
| 28:52 | Crear | Galley ×2 |
| 28:52 | Crear | Galley ×2 |
| 29:32 | Crear | Galley |
| 29:33 | Crear | Galley |
Build order — HUGO QPA
Primeras 150 de 386 acciones detectadas
| 0:04 | Construir | House |
| 0:06 | Construir | House |
| 0:08 | Crear | Villager (Male) ×4 |
| 0:08 | Crear | Villager (Male) ×4 |
| 1:48 | Crear | Villager (Male) |
| 1:48 | Crear | Villager (Male) |
| 1:48 | Crear | Villager (Male) |
| 2:26 | Crear | Villager (Male) ×2 |
| 2:26 | Crear | Villager (Male) ×2 |
| 2:26 | Crear | Villager (Male) ×2 |
| 3:09 | Construir | Lumber Camp |
| 3:13 | Crear | Villager (Male) ×2 |
| 3:13 | Crear | Villager (Male) ×2 |
| 3:55 | Construir | House |
| 3:58 | Construir | House |
| 4:03 | Crear | Villager (Male) |
| 4:03 | Crear | Villager (Male) |
| 4:20 | Crear | Villager (Male) |
| 4:20 | Crear | Villager (Male) |
| 4:20 | Crear | Villager (Male) |
| 5:00 | Crear | Villager (Male) |
| 5:01 | Crear | Villager (Male) |
| 5:24 | Crear | Villager (Male) |
| 5:43 | Construir | Dock |
| 5:54 | Crear | Villager (Male) ×2 |
| 6:25 | Crear | Villager (Male) ×2 |
| 6:36 | Crear | Fishing Ship |
| 7:05 | Crear | Villager (Male) |
| 7:05 | Crear | Villager (Male) |
| 7:53 | Crear | Villager (Male) |
| 8:04 | Crear | Fishing Ship |
| 8:04 | Crear | Fishing Ship |
| 8:18 | Crear | Villager (Male) |
| 8:28 | Construir | House |
| 8:43 | Investigar | Feudal Age |
| 9:07 | Construir | Mill |
| 9:25 | Crear | Villager (Male) |
| 9:25 | Crear | Villager (Male) |
| 9:26 | Crear | Villager (Male) |
| 10:03 | Crear | Fishing Ship |
| 10:04 | Crear | Fishing Ship |
| 10:26 | Crear | Villager (Male) |
| 10:26 | Crear | Villager (Male) |
| 10:37 | Crear | Fishing Ship |
| 11:29 | Construir | House |
| 11:30 | Construir | House |
| 11:41 | Construir | Blacksmith |
| 12:08 | Crear | Fishing Ship |
| 12:29 | Crear | Villager (Male) |
| 12:30 | Crear | Villager (Male) |
| 13:06 | Construir | Market |
| 13:12 | Crear | Villager (Male) |
| 13:36 | Crear | Fishing Ship |
| 13:54 | Crear | Villager (Male) |
| 13:59 | Construir | Farm |
| 14:05 | Construir | Farm |
| 14:22 | Investigar | Castle Age |
| 14:32 | Construir | Mining Camp |
| 14:48 | Construir | House |
| 14:50 | Construir | House |
| 14:51 | Construir | House |
| 14:52 | Construir | House |
| 15:05 | Investigar | Double-Bit Axe |
| 15:13 | Crear | Fishing Ship |
| 15:13 | Crear | Fishing Ship |
| 15:13 | Crear | Fishing Ship |
| 15:19 | Crear | Fishing Ship |
| 15:36 | Investigar | Horse Collar |
| 15:36 | Investigar | Horse Collar |
| 16:21 | Construir | Town Center |
| 16:34 | Investigar | Town Watch |
| 16:34 | Investigar | Loom |
| 16:35 | Crear | Villager (Male) ×5 |
| 16:36 | Crear | Villager (Male) ×5 |
| 17:28 | Investigar | Wheelbarrow |
| 17:29 | Crear | Villager (Male) |
| 17:29 | Crear | Villager (Male) |
| 17:29 | Crear | Villager (Male) |
| 17:35 | Crear | Villager (Male) ×4 |
| 17:35 | Crear | Villager (Male) ×4 |
| 17:50 | Construir | Lumber Camp |
| 18:01 | Crear | Villager (Male) ×2 |
| 18:01 | Crear | Villager (Male) ×2 |
| 18:02 | Crear | Villager (Male) ×2 |
| 18:22 | Construir | Siege Workshop |
| 18:33 | Crear | Villager (Male) ×2 |
| 18:34 | Crear | Villager (Male) ×2 |
| 18:34 | Crear | Villager (Male) ×2 |
| 18:43 | Construir | Dock |
| 19:05 | Investigar | Tech 906 |
| 19:25 | Construir | Dock |
| 19:43 | Crear | Battering Ram |
| 19:43 | Crear | Battering Ram |
| 20:01 | Construir | Barracks |
| 20:21 | Construir | Barracks |
| 20:31 | Crear | Villager (Male) ×5 |
| 20:32 | Crear | Villager (Male) ×5 |
| 20:55 | Crear | Militia ×2 |
| 20:55 | Crear | Militia ×2 |
| 20:55 | Crear | Militia ×2 |
| 21:00 | Crear | Battering Ram ×2 |
| 21:16 | Crear | Fishing Ship |
| 21:16 | Crear | Fishing Ship |
| 21:17 | Crear | Fishing Ship |
| 21:17 | Crear | Fishing Ship |
| 21:23 | Crear | Militia |
| 21:24 | Crear | Militia |
| 21:24 | Crear | Militia |
| 21:40 | Construir | Farm |
| 21:41 | Construir | Farm |
| 21:51 | Construir | Farm |
| 21:53 | Construir | Farm |
| 21:54 | Construir | Farm |
| 21:58 | Construir | Farm |
| 22:02 | Construir | House |
| 22:04 | Construir | House |
| 22:09 | Construir | House |
| 22:10 | Construir | House |
| 22:11 | Construir | House |
| 22:16 | Crear | Militia ×4 |
| 22:17 | Crear | Militia ×4 |
| 22:51 | Crear | Villager (Male) |
| 23:01 | Crear | Fishing Ship ×5 |
| 23:01 | Crear | Fishing Ship ×5 |
| 23:09 | Crear | Militia ×3 |
| 23:20 | Construir | Barracks |
| 23:37 | Crear | Militia |
| 23:44 | Crear | Spearman ×4 |
| 23:45 | Crear | Spearman ×4 |
| 24:02 | Crear | Spearman ×4 |
| 24:02 | Crear | Spearman ×4 |
| 24:02 | Crear | Spearman ×4 |
| 24:06 | Crear | Militia |
| 24:07 | Crear | Militia |
| 24:16 | Construir | House |
| 24:16 | Construir | House |
| 24:23 | Crear | Militia |
| 24:24 | Crear | Militia |
| 24:43 | Construir | House |
| 24:54 | Investigar | Man-at-Arms (upgrade) |
| 25:15 | Investigar | Squires |
| 25:25 | Investigar | Forging |
| 25:37 | Investigar | Arson |
| 25:49 | Investigar | Long Swordsman (upgrade) |
| 25:50 | Investigar | Pikeman (upgrade) |
| 25:52 | Crear | Battering Ram |
| 26:25 | Investigar | Pikeman (upgrade) |
| 26:27 | Crear | Militia |
| 26:27 | Crear | Militia |
| 27:15 | Crear | Militia ×5 |
Build order — AbuzzLime8862
Primeras 150 de 637 acciones detectadas
| 0:15 | Construir | House |
| 0:16 | Construir | House |
| 0:19 | Crear | Villager (Male) |
| 0:19 | Crear | Villager (Male) |
| 0:19 | Crear | Villager (Male) |
| 0:19 | Crear | Villager (Male) |
| 0:20 | Crear | Villager (Male) |
| 1:10 | Construir | Lumber Camp |
| 2:37 | Crear | Villager (Male) |
| 2:38 | Crear | Villager (Male) |
| 3:10 | Crear | Villager (Male) |
| 3:49 | Construir | Dock |
| 3:53 | Crear | Villager (Male) |
| 4:26 | Crear | Villager (Male) |
| 4:44 | Crear | Fishing Ship |
| 4:59 | Crear | Villager (Male) |
| 5:11 | Construir | House |
| 5:37 | Crear | Villager (Male) |
| 5:38 | Crear | Villager (Male) |
| 5:38 | Crear | Villager (Male) |
| 6:04 | Construir | House |
| 6:21 | Crear | Fishing Ship |
| 6:26 | Crear | Villager (Male) |
| 6:27 | Crear | Villager (Male) |
| 6:50 | Crear | Villager (Male) |
| 6:50 | Crear | Villager (Male) |
| 7:02 | Construir | House |
| 7:30 | Crear | Villager (Male) |
| 7:36 | Crear | Fishing Ship |
| 7:49 | Construir | House |
| 8:20 | Crear | Villager (Male) |
| 8:20 | Crear | Villager (Male) |
| 8:20 | Crear | Villager (Male) |
| 8:20 | Crear | Villager (Male) |
| 9:08 | Construir | Dock |
| 9:14 | Crear | Villager (Male) |
| 9:14 | Crear | Villager (Male) |
| 9:48 | Crear | Fishing Ship |
| 9:49 | Crear | Fishing Ship |
| 10:13 | Construir | House |
| 10:16 | Construir | House |
| 10:28 | Crear | Villager (Male) |
| 10:38 | Construir | Mill |
| 11:02 | Construir | Lumber Camp |
| 11:11 | Crear | Fishing Ship |
| 11:11 | Crear | Fishing Ship |
| 11:12 | Crear | Fishing Ship |
| 11:23 | Investigar | Feudal Age |
| 11:32 | Construir | Farm |
| 11:33 | Construir | Farm |
| 12:06 | Construir | House |
| 12:07 | Construir | House |
| 12:24 | Construir | Farm |
| 12:47 | Construir | Mining Camp |
| 12:52 | Construir | Mining Camp |
| 13:01 | Crear | Fishing Ship |
| 13:01 | Crear | Fishing Ship |
| 13:27 | Construir | House |
| 13:37 | Crear | Villager (Male) |
| 13:38 | Crear | Villager (Male) |
| 13:44 | Investigar | Double-Bit Axe |
| 13:53 | Investigar | Tech 906 |
| 14:28 | Construir | Market |
| 14:47 | Crear | Villager (Male) |
| 14:47 | Crear | Villager (Male) |
| 14:54 | Crear | Fishing Ship |
| 14:54 | Crear | Fishing Ship |
| 14:55 | Crear | Fishing Ship |
| 15:12 | Construir | Market |
| 15:24 | Construir | Stone Wall |
| 15:51 | Investigar | Wheelbarrow |
| 15:57 | Investigar | Stone Mining |
| 15:58 | Investigar | Gold Mining |
| 16:11 | Construir | Blacksmith |
| 16:30 | Crear | Villager (Male) |
| 16:31 | Crear | Villager (Male) |
| 17:06 | Construir | Market |
| 17:26 | Crear | Fishing Ship |
| 17:26 | Crear | Fishing Ship |
| 17:27 | Crear | Fishing Ship |
| 17:46 | Construir | House |
| 18:03 | Construir | Mining Camp |
| 18:18 | Investigar | Castle Age |
| 19:19 | Construir | Dock |
| 19:25 | Crear | Fishing Ship |
| 19:25 | Crear | Fishing Ship |
| 19:25 | Crear | Fishing Ship |
| 19:25 | Crear | Fishing Ship |
| 19:26 | Crear | Fishing Ship |
| 19:26 | Crear | Fishing Ship |
| 19:26 | Crear | Fishing Ship |
| 20:16 | Construir | Mining Camp |
| 20:30 | Construir | House |
| 20:31 | Construir | House |
| 20:33 | Construir | House |
| 20:34 | Construir | House |
| 20:35 | Construir | House |
| 21:03 | Construir | Town Center |
| 21:21 | Construir | Town Center |
| 21:31 | Construir | Town Center |
| 21:40 | Crear | Villager (Male) |
| 21:41 | Crear | Villager (Male) |
| 21:41 | Crear | Villager (Male) |
| 21:41 | Crear | Villager (Male) |
| 21:51 | Investigar | Hand Cart |
| 21:53 | Crear | Villager (Male) |
| 21:53 | Crear | Villager (Male) |
| 21:54 | Crear | Villager (Male) |
| 21:54 | Crear | Villager (Male) |
| 22:27 | Investigar | Bow Saw |
| 22:31 | Crear | Villager (Male) |
| 22:31 | Crear | Villager (Male) |
| 22:32 | Crear | Villager (Male) |
| 22:32 | Crear | Villager (Male) |
| 22:32 | Crear | Villager (Male) |
| 22:38 | Crear | Villager (Male) |
| 22:38 | Crear | Villager (Male) |
| 22:46 | Crear | Villager (Male) |
| 22:46 | Crear | Villager (Male) |
| 22:46 | Crear | Villager (Male) |
| 23:17 | Investigar | Gillnets |
| 24:06 | Construir | Town Center |
| 24:23 | Crear | Transport Ship |
| 24:24 | Crear | Transport Ship |
| 24:34 | Crear | Villager (Male) |
| 24:34 | Crear | Villager (Male) |
| 24:35 | Crear | Villager (Male) |
| 24:35 | Crear | Villager (Male) |
| 24:35 | Crear | Villager (Male) |
| 24:41 | Crear | Villager (Male) |
| 24:41 | Crear | Villager (Male) |
| 24:42 | Crear | Villager (Male) |
| 24:42 | Crear | Villager (Male) |
| 25:32 | Construir | House |
| 25:33 | Construir | House |
| 25:34 | Construir | House |
| 25:35 | Construir | House |
| 25:41 | Crear | Villager (Male) |
| 25:42 | Crear | Villager (Male) |
| 25:42 | Crear | Villager (Male) |
| 25:42 | Crear | Villager (Male) |
| 26:32 | Construir | University |
| 26:42 | Construir | Siege Workshop |
| 26:44 | Construir | Siege Workshop |
| 26:47 | Construir | Siege Workshop |
| 26:53 | Construir | Farm |
| 26:54 | Construir | Farm |
| 26:57 | Construir | Farm |
| 26:58 | Construir | Farm |
| 27:00 | Construir | Farm |
Cronología de la partida
| 0:24 | FlyWaV · first_building Dock |
| 3:22 | GFX FELLAS · first_building Dock |
| 3:49 | AbuzzLime8862 · first_building Dock |
| 5:25 | xIxGETxBUCKETZx · first_building Dock |
| 5:43 | HUGO QPA · first_building Dock |
| 7:38 | Slimyfellas · first_building Dock |
| 9:10 | MORTIS · first_building Dock |
| 12:48 | lkn2000 · first_building Dock |
| 15:24 | AbuzzLime8862 · wall_segment Stone Wall x1 |
| 16:17 | lkn2000 · first_building Monastery |
| 18:22 | HUGO QPA · first_building Siege Workshop |
| 18:35 | lkn2000 · wall_segment Stone Wall x5 |
| 20:01 | HUGO QPA · first_building Barracks |
| 21:21 | lkn2000 · wall_segment Stone Wall x2 |
| 22:53 | xIxGETxBUCKETZx · first_building Barracks |
| 24:21 | xIxGETxBUCKETZx · first_building Stable |
| 24:28 | Slimyfellas · first_building Monastery |
| 26:42 | AbuzzLime8862 · first_building Siege Workshop |
| 27:43 | GFX FELLAS · first_building Barracks |
| 27:44 | HUGO QPA · first_building Castle |
| 27:59 | FlyWaV · first_building Siege Workshop |
| 30:57 | AbuzzLime8862 · first_building Castle |
| 31:09 | FlyWaV · first_market_sell 100 food |
| 31:37 | FlyWaV · first_market_buy 100 wood |
| 32:05 | FlyWaV · first_building Castle |
| 32:34 | lkn2000 · first_market_buy 100 food |
| 33:08 | AbuzzLime8862 · first_market_sell 100 wood |
| 33:10 | GFX FELLAS · wall_segment Stone Wall x3 |
| 33:18 | FlyWaV · first_building Barracks |
| 33:25 | xIxGETxBUCKETZx · first_market_buy 100 stone |
| 34:29 | FlyWaV · first_building Archery Range |
| 36:31 | MORTIS · first_building Monastery |
| 38:38 | xIxGETxBUCKETZx · first_building Castle |
| 41:03 | GFX FELLAS · first_market_sell 100 wood |
| 41:32 | GFX FELLAS · first_building Monastery |
| 43:58 | MORTIS · first_market_sell 100 food |
| 48:08 | xIxGETxBUCKETZx · first_building Siege Workshop |
| 52:56 | FlyWaV · wall_segment Stone Wall x8 |
| 55:55 | GFX FELLAS · first_building Castle |
| 58:06 | lkn2000 · first_building Castle |
| 63:40 | lkn2000 · first_building Barracks |
| 64:21 | Slimyfellas · resign |
[ ANÁLISIS IA · 1 CRÉDITO ]
¿Qué pasó realmente en esta partida?
Wolo.gg analiza cada decisión: build order, eco, micro, errores típicos por bracket. Análisis personalizado por WhatsApp o Discord en 30 segundos.
Guía civ
Drávidas
Perfil
Jugador #13280640